 Dungeon Crawl Stone Soup version 0.26.1-11-gd32895ea62 (webtiles) character file.

Game seed: 10143750349285364344

2266 porpoise the Slinger (level 9, -22/64 HPs)
             Began as a Halfling Wanderer on Aug 3, 2021.
             Was a Believer of Okawaru.
             Killed by the air
             ... invoked by Gastronok
              (33 damage)
             ... on level 8 of the Dungeon.
             The game lasted 00:29:35 (9038 turns).

porpoise the Slinger (Halfling Wanderer)            Turns: 9038, Time: 00:29:36

Health: -22/64     AC:  8    Str: 23    XL:     9   Next: 65%
Magic:  10/10      EV: 16    Int:  8    God:    Okawaru [**....]
Gold:   354        SH:  0    Dex: 15    Spells: 8/10 levels left

rFire    . . .     SeeInvis .   b - +0 hunting sling
rCold    . . .     Faith    .   (shield restricted)
rNeg     + . .     Spirit   .   l - +0 ring mail
rPois    .         Reflect  .   (no helmet)
rElec    .         Harm     .   (no cloak)
rCorr    .         Rampage  .   q - +1 pair of gloves
Will     .....                  (no boots)
Stlth    +.........             (no amulet)
HPRegen  0.20/turn              s - ring of positive energy
MPRegen  0.12/turn              C - +6 ring of strength

@: hasted and slowed
A: small, mutation resistance 1
a: Renounce Religion, Heroism


You were on level 8 of the Dungeon.
You worshipped Okawaru.
Okawaru was pleased with you.
You visited 2 branches of the dungeon, and saw 9 of its levels.

You collected 544 gold pieces.
You spent 190 gold pieces at shops.

Inventory:

Hand Weapons
 a - a +0 short sword
 b - a +0 hunting sling (weapon)
 w - a +1 vorpal falchion
Missiles
 e - 15 sling bullets (quivered ammo)
 o - 184 stones
 p - 11 atropa-tipped darts
 B - 27 boomerangs
 I - a throwing net
 J - 3 poisoned darts
Armour
 l - a +0 ring mail (worn)
 q - a +1 pair of gloves (worn)
Jewellery
 s - a ring of positive energy (left hand)
 y - an uncursed ring of magical power
 C - a +6 ring of strength (right hand)
Wands
 n - a wand of flame (16)
 D - a wand of random effects (27)
 F - a wand of polymorph (5)
Scrolls
 c - 2 scrolls of blinking
 f - 2 scrolls of teleportation
 i - 2 scrolls of enchant armour
 j - a scroll of immolation
 k - 3 scrolls of fog
 t - 4 scrolls of remove curse
 u - a scroll of noise
 v - a scroll of amnesia
 z - 2 scrolls of magic mapping
 E - a scroll of random uselessness {unknown}
 G - a scroll of fear {unknown}
Potions
 d - 2 potions of lignification
 g - 2 potions of brilliance
 h - a potion of flight
 m - a potion of attraction
 r - 3 potions of mutation
 x - a potion of might
 A - 5 potions of curing
 H - a potion of haste


   Skills:
 - Level 7.0 Fighting
 - Level 4.0 Short Blades
 + Level 9.4(9.6) Slings
 - Level 2.0(4.5) Throwing
 - Level 5.0 Armour
 - Level 5.0 Dodging
 - Level 1.0 Unarmed Combat
 - Level 1.0 Spellcasting
 - Level 2.0 Ice Magic
 + Level 2.0 Invocations


You had 8 spell levels left.
You knew the following spells:

 Your Spells              Type           Power        Failure   Level
k - Blink                 Tloc           N/A          65%         2

Your spell library contained the following spells:

 Spells                   Type           Power        Failure   Level
 Magic Dart               Conj           0%           52%         1
 Sting                    Tmut/Pois      0%           52%         1
 Call Imp                 Summ           0%           65%         2
 Poisonous Vapours        Pois/Air       0%           65%         2
 Slow                     Hex            0%           65%         2
 Conjure Flame            Conj/Fire      0%           87%         3
 Ignite Poison            Fire/Tmut/Pois 0%           87%         3
 Mephitic Cloud           Conj/Pois/Air  0%           87%         3
 Olgreb's Toxic Radiance  Pois           0%           99%         4


Dungeon Overview and Level Annotations

Branches:
Dungeon (8/15)             Temple (1/1) D:4
   Lair: D:8-11

Altars:
Ashenzari
Cheibriados
Dithmenos
Elyvilon
Fedhas
Gozag
Hepliaklqana
Kikubaaqudgha
Makhleb
Nemelex Xobeh
Okawaru
Qazlal
Ru
Trog
Vehumet
Xom
Yredelemnul
The Shining One

Shops:
D:5 }   D:6 *   D:7 !(

Annotations:
D:2 Sigmund
D:8 Gastronok


Innate Abilities, Weirdness & Mutations

You are small and have problems with some larger weapons.
You are somewhat resistant to further mutation.


Message History

Fire: 17 sling bullets
Press: ? - help, Q - select action, (/) - cycle Shift-Dir - straight line, f/p - Gastronok
Aim: Gastronok, wearing the +3 hat of Pondering {ponderous, Will+ MP+10 Int+5} (almost dead, covering ground quickly, very poisoned, 94% to hit)
You shoot a sling bullet. The sling bullet hits Gastronok.
Gastronok is almost dead.
Gastronok gurgles, "It's true, you are what you eat."
Gastronok looks at you and mumbles some strange words.
You barely resist.
The quokka bites you but does no damage.
Fire: 16 sling bullets
Press: ? - help, Q - select action, (/) - cycle Shift-Dir - straight line, f/p - Gastronok
Aim: Gastronok, wearing the +3 hat of Pondering {ponderous, Will+ MP+10 Int+5} (almost dead, covering ground quickly, very poisoned, 94% to hit)
You shoot a sling bullet.
The sling bullet closely misses the quokka.
The sling bullet hits Gastronok.
Gastronok is almost dead.
Gastronok waves his eye-stalks in wide circles.
The air twists around and strikes you!!
Ouch! That really hurt!
You die...

.###..)......#
#...........#(#
#####.###)###(#
##.## ##(##(#
#.> #.(.r# #..#
##(####...
#.#.###.w.......
#. #...#r####.##
##.##@#
#.##.####.#
#.........#
####.###### #.#
#.# ###.# #<..#
#.###


You could see Gastronok (swift, very poisoned) and a quokka (summoned).

Vanquished Creatures
  A water moccasin (D:7)
  A sky beast (D:6)
  A phantom (D:8)
  2 orc warriors
  3 ogres
  A centaur (D:4)
  A gnoll sergeant (D:5)
  2 bullfrogs
  A scorpion (D:4)
  A howler monkey (D:7)
  4 hounds
  5 orc priests
  5 iguanas
  9 orc wizards
  Natasha (thrice) (D:4)
  6 worker ants
  A worker ant zombie (D:5)
  8 adders
  11 gnolls
  A shadow imp (D:5)
  2 white imps
  A worm (D:4)
  A dart slug (D:1)
  4 leopard geckos
  23 orcs
  7 giant cockroaches
  4 goblins
  6 hobgoblins
  18 jackals
  5 kobolds
  4 quokkas
  3 bats (D:1)
  2 frilled lizards
  3 quokka skeletons (D:4)
  8 rats
158 creatures vanquished.

Notes
Turn   | Place    | Note
-------+----------+-------------------------------------------
     0 | D:1      | porpoise the Halfling Wanderer began the quest for the Orb.
     0 | D:1      | porpoise set off with the following items: a +0 short
                  | sword, a potion of heal wounds, a scroll of blinking, a
                  | potion of lignification, a +0 robe
     0 | D:1      | Reached XP level 1. HP: 16/16 MP: 2/2
   323 | D:1      | Reached skill level 1 in Short Blades
   374 | D:1      | Reached XP level 2. HP: 22/22 MP: 3/3
   828 | D:1      | Reached XP level 3. HP: 10/27 MP: 4/4
  1572 | D:2      | Noticed Sigmund
  1730 | D:2      | Reached skill level 1 in Slings
  2385 | D:3      | Found a sparkling altar of Nemelex Xobeh.
  2385 | D:3      | Found a hazy altar of Hepliaklqana.
  2422 | D:3      | Reached XP level 4. HP: 33/33 MP: 5/5
  2573 | D:3      | Reached skill level 2 in Slings
  2842 | D:3      | Found a glowing golden altar of the Shining One.
  3220 | D:3      | Reached skill level 3 in Slings
  3220 | D:3      | Reached XP level 5. HP: 38/38 MP: 6/6
  3475 | D:4      | Reached skill level 5 in Fighting
  3523 | D:4      | Learned a level 2 spell: Blink
  3588 | D:4      | Noticed Natasha
  3593 | D:4      | Killed Natasha
  3613 | D:4      | Found a staircase to the Ecumenical Temple.
  3619 | D:4      | Reached skill level 1 in Armour
  3619 | D:4      | Reached XP level 6. HP: 45/45 MP: 7/7
  3628 | Temple   | Entered the Ecumenical Temple
  3908 | D:4      | Found a radiant altar of Vehumet.
  4215 | D:4      | Found an iron altar of Okawaru.
  4218 | D:4      | You fall into a shaft and drop 3 floors!
  4311 | D:6      | Found a bloodstained altar of Trog.
  4436 | D:6      | Reached XP level 7. HP: 51/51 MP: 8/8
  4488 | D:6      | Found a stormy altar of Qazlal.
  4505 | D:5      | Entered Level 5 of the Dungeon
  4520 | D:5      | Found a shadowy altar of Dithmenos.
  4819 | D:4      | Became a worshipper of Warmaster Okawaru
  5314 | D:4      | Noticed Natasha
  5324 | D:4      | Killed Natasha
  5392 | D:4      | Noticed Natasha
  5407 | D:4      | Killed Natasha
  5656 | D:4      | Reached XP level 8. HP: 58/58 MP: 9/9
  5990 | D:4      | Reached skill level 5 in Armour
  6293 | D:5      | Found Atzafaije's Gadget Boutique.
  6435 | D:5      | Reached skill level 4 in Slings
  6435 | D:5      | Reached skill level 1 in Dodging
  6523 | D:5      | Reached * piety under Okawaru
  6694 | D:5      | Reached skill level 5 in Slings
  7164 | D:6      | Reached skill level 6 in Slings
  7205 | D:6      | Found Siaf Pawnaat's General Store.
  7225 | D:6      | Bought a potion of curing for 36 gold pieces
  7225 | D:6      | Bought a scroll of magic mapping for 42 gold pieces
  7450 | D:6      | Reached XP level 9. HP: 62/64 MP: 10/10
  7615 | D:7      | Reached skill level 7 in Slings
  7889 | D:7      | Found Ammal's Weapon Emporium.
  7965 | D:7      | Reached skill level 5 in Dodging
  7972 | D:7      | Reached skill level 8 in Slings
  8017 | D:7      | Reached ** piety under Okawaru
  8268 | D:7      | Found an ancient bone altar of Kikubaaqudgha.
  8340 | D:7      | Found Mymmer's Distillery.
  8352 | D:7      | Bought a potion of curing for 42 gold pieces
  8352 | D:7      | Bought a potion of heal wounds for 70 gold pieces
  8793 | D:8      | Reached skill level 9 in Slings
  8793 | D:8      | Reached skill level 1 in Invocations
  8985 | D:8      | Noticed Gastronok
  9038 | D:8      | Killed from afar by Gastronok

Illustrated notes

Levels and vault maps discovered:
D:1:      dpeg_arrival_pits, layout_loops_ring, minmay_pentomino_t2
D:2:      layout_loops_corners, uniq_sigmund
D:3:      layout_basic, amethyst_overflow_temple_binary, tso_altar
D:4:      layout_basic, okawaru_metal_pillars_3, lemuel_doored_altar,
          temple_green, uniq_natasha
D:5:      layout_loops_ring, nicolae_overflow_crystal_walls, serial_shops,
          shop_coins
D:6:      layout_gridville, kennysheep_little_box, old_standard_altar,
          serial_shops, nicolae_shop_crystal, chequers_decorated_corner,
          minmay_misc_feat_square
D:7:      layout_loops_cross, kiku_gazebo_pond_becter, serial_shops,
          nicolae_shop_statue_plus, shop_statue, kennysheep_generic_room_9
D:8:      layout_loops_ring, kennysheep_mini_moat, minitemple,
          due_unseen_surprise, uniq_gastronok
Temple:   dpeg_three_leaves_temple

Skill      XL: |  1  2  3  4  5  6  7  8  9 |
---------------+----------------------------+-----
Short Blades   | 1 2 4 |  4.0
Fighting       | 4 5 6 7 |  7.0
Slings         | 1 3 6 9 |  9.4
Armour         | 1 3 4 5 |  5.0
Dodging        | 4 5 |  5.0
Invocations    | 2 |  2.0
Throwing       | |  2.0
Unarmed Combat | |  1.0
Spellcasting   | |  1.0
Ice Magic      | |  2.0

Action                   |  1- 3 |  4- 6 |  7- 9 || total
-------------------------+-------+-------+-------++-------
Melee: Short sword       |   102 |       |    12 ||   114
       Unarmed           |       |       |     3 ||     3
       Falchion          |       |       |    13 ||    13
 Fire: Hunting sling     |    17 |   189 |   392 ||   598
Throw: Dart              |       |       |     8 ||     8
Invok: Heroism           |       |       |     2 ||     2
Evoke: Wand              |       |       |     7 ||     7
  Use: Scroll            |     6 |     3 |     5 ||    14
       Potion            |       |     2 |     5 ||     7
Armor: Robe              |     7 |       |       ||     7
       Ring mail         |    24 |    31 |    60 ||   115
       Skin              |       |       |     1 ||     1
Dodge: Dodged            |    61 |    61 |   105 ||   227
       Rpst.: Falchion   |       |       |     1 ||     1
